cohdb
Replays
Latest Replays
All Replays
Popular Replays
Top Player Replays
Match Explorer
How It Works
Community
CoH3 Stats
Reddit
Sign in to upload your games and track your stats! →
Sign in with Steam
Match 41659824
Unlisted
Match 41659824
Overview
Messages
Build Orders
End
Vickers Machine Gun Team
Construct Section Command Post
Selects Air and Sea Battlegroup
Infantry Section
Infantry Section
Grenade Package
Selects Supply Surplus
Construct Field Infirmary
Construct Platoon Command Post
Humber Armored Car
Humber Armored Car
Royal Engineer Section
Selects Commando Section Paradrop
Selects M1 Pack Howitzer Paradrop
Construct Company Command Post
Unlock M3 Grant Medium Tanks
6-pounder Anti-tank Gun Team
M3 Grant Medium Tank
M3 Grant Medium Tank
M3 Grant Medium Tank
Foot Guards Section
Selects Anti-tank Rocket Loiter
StCuthbert
Mad
돈이사라지는마술
抖音呆呆河马-英3小程序
小德子
DeathMiz
QWQ
L1mbo
0
0
Comments
sign in to comment!
No comments posted yet!